 Dungeon Crawl Stone Soup version 0.18-a0-837-gd08d4d7 (webtiles) character file.

4916 Chiseanne the Fighter (level 10, -1/83 HPs)
             Began as a Mummy Wanderer on Dec 18, 2015.
             Was an Initiate of Gozag.
             Slain by a gnoll
             ... wielding a +0 trident
              (6 damage)
             ... in a bailey.
             The game lasted 00:37:08 (12066 turns).

Chiseanne the Fighter (Mummy Wanderer)             Turns: 12066, Time: 00:37:08

Health: -1/83      AC: 16    Str: 13    XL:     10   Next: 27%
Magic:  11/11      EV:  7    Int: 14    God:    Gozag
Gold:   242        SH:  9    Dex: 18    Spells: 0 memorised, 9 levels left

rFire  x . .     SeeInvis .     a - +6 dagger (flame)
rCold  + . .     Gourm    .     j - +0 chain mail of the Armadillo {+Fly Dex+3}
rNeg   + + +     Faith    .     m - +3 buckler {AC+3}
rPois  ∞         Spirit   .     (no helmet)
rElec  .         Dismiss  .     (no cloak)
rCorr  .         Reflect  .     q - +0 pair of gloves (curse)
SustAt .         Harm     .     f - +0 pair of boots
MR     +....                    (no amulet)
Stlth  ..........               (no ring)
                                (no ring)

@: somewhat resistant to hostile enchantments, extremely unstealthy
A: no food or potions, fire vulnerability, cold resistance 1, negative energy
resistance 3, torment resistance, unbreathing
a: Potion Petition, Call Merchant, Bribe Branch, Renounce Religion, Evoke Flight


You were in a bailey.
You worshipped Gozag.
Gozag was noncommittal.
You were not hungry.

You visited 2 branches of the dungeon, and saw 10 of its levels.
You also visited: Ossuary and Bailey.

You collected 1097 gold pieces.
You spent 169 gold pieces at shops.
You paid 686 gold pieces to Gozag.

Inventory:

Hand Weapons
 a - a +6 dagger of flaming (weapon)
 h - a +1 trident of venom
 s - a +2 falchion of draining
Missiles
 d - 43 sling bullets
 e - 11 tomahawks (quivered)
 g - 33 bolts
 i - 5 needles of frenzy
 k - 10 sling bullets of flame
Armour
 f - a +0 pair of boots (worn)
 j - the +0 chain mail of the Armadillo (worn) {+Fly Dex+3}
   (You found it on level 7 of the Dungeon)

   It affects your dexterity (+3).
   It lets you fly.
 m - a +3 buckler of protection (worn)
 q - a cursed +0 pair of gloves (worn)
Magical Staves
 t - an uncursed staff of fire
Wands
 n - a wand of digging (24)
 r - a wand of paralysis (0)
Scrolls
 b - 8 scrolls of identify
 l - a scroll of magic mapping
 o - 4 scrolls of remove curse


   Skills:
 * Level 9.2 Fighting
 - Level 1.5 Long Blades
   Level 1.5 Maces & Flails
 * Level 7.2 Armour
 - Level 3.0 Dodging
 - Level 1.5 Stealth
 * Level 6.2 Shields
 * Level 2.4 Evocations


You had 9 spell levels left.
You didn't know any spells.

Dungeon Overview and Level Annotations

Branches:
Dungeon (9/15)             Temple (1/1) D:7
   Lair: D:8-11         Orc: D:9-12

Altars:
Ashenzari
Cheibriados
Dithmenos
Elyvilon
Fedhas
Gozag
Kikubaaqudgha
Okawaru
Pakellas
Ru
Sif Muna
Trog
Vehumet
Xom
Yredelemnul
The Shining One

Shops:
D:9 }

Annotations:
D:3 UristMcMason's ghost, amateur HuFi
D:4 Edmund; bullock's ghost, amateur DsWn


Innate Abilities, Weirdness & Mutations

You do not eat or drink.
Your flesh is vulnerable to fire.
You are immune to poison.
Your flesh is cold resistant.
You are immune to negative energy.
You are immune to unholy pain and torment.
You can survive without breathing.


Message History

The gnoll shaman hits you but does no damage.
The gnoll hits you but does no damage.
You hit the gnoll shaman. You burn the gnoll shaman.
You kill the gnoll shaman!
The gnoll shaman hits you from afar with a halberd.
* * * LOW HITPOINT WARNING * * *
The gnoll hits you but does no damage. x3
You hit the gnoll. You burn the gnoll.
The gnoll is heavily wounded.
The gnoll is distracted by the nearby gold.
The gnoll shaman hits you but does no damage.
The gnoll closely misses you. The gnoll hits you but does no damage.
The gnoll shouts!
You hit the gnoll but do no damage.
The gnoll is heavily wounded.
You block the gnoll's attack.
The gnoll shaman hits you but does no damage.
The gnoll closely misses you. The gnoll hits you with a trident.
You die...
Your body crumbles into a pile of gold.

#...#.......#...#≈♣
#...##.g...##...#≈♣
#....##gg.##....#≈♣
#8....##g##....8#≈♣
#.....#.).#.....#≈♣
##....'...'....##≈♣
##...#...#...##.≈♣
#####...#####..≈♣
........ggg$@g.≈♣
.........ggg..≈≈♣
≈≈≈≈≈≈≈≈≈≈≈≈≈≈≈≈♣♣
♣♣♣♣♣♣♣♣♣♣♣♣♣♣♣♣♣


You could see a gnoll sergeant, a gnoll shaman and 5 gnolls.

Vanquished Creatures
  Pikel (D:6)
  A two-headed ogre (D:8)
  Prince Ribbit (D:9)
  2 hungry ghosts (D:8)
  2 hippogriffs
  Menkaure (D:4)
  A slave (D:6)
  A sky beast (D:5)
  A wasp (D:8)
  A phantom (D:5)
  4 centaurs
  2 ice beasts
  5 ogres
  A wyvern zombie (D:6)
  4 gnoll sergeants (Bailey)
  A giant frog (D:6)
  A wyvern skeleton (D:9)
  A water moccasin skeleton (D:5)
  3 scorpions
  4 wights (D:7)
  4 crimson imps
  4 centaur zombies (Ossuary)
  4 orc wizards
  A human zombie (Ossuary)
  4 orc priests
  A giant frog skeleton (D:5)
  3 hounds
  An iguana (D:8)
  A jelly (D:9)
  3 gnoll shamans (Bailey)
  6 worker ants
  Natasha (thrice) (D:4)
  A hound zombie (D:7)
  8 mummies
  6 gnolls (Bailey)
  6 adders
  2 shadow imps (D:7)
  An adder skeleton (D:5)
  5 adder zombies
  3 worms
  21 orcs
  A giant cockroach (D:3)
  8 hobgoblins
  11 jackals
  4 quokkas
  3 ball pythons
  4 bats
  6 giant geckos
  4 giant newts
  8 goblins
  3 goblin zombies (Ossuary)
  6 hobgoblin zombies
  10 kobolds
  8 kobold zombies (Ossuary)
  2 quokka skeletons
  4 quokka zombies (Ossuary)
  5 rats
  A rat zombie (Ossuary)
214 creatures vanquished.

Vanquished Creatures (others)
  Grinder (D:6)
  A slave (D:6)
  An orc wizard (D:4)
  A jackal (D:6)
  A giant gecko (D:6)
5 creatures vanquished.

Grand Total: 219 creatures vanquished

Notes
Turn   | Place    | Note
--------------------------------------------------------------
     0 | D:1      | Chiseanne the Mummy Wanderer began the quest for the Orb.
     0 | D:1      | Chiseanne set off with: a +2 falchion, a +0 mace, a scroll of teleportation, a +0 robe, a +0 dagger
     0 | D:1      | Reached XP level 1. HP: 18/18 MP: 1/1
   348 | D:1      | Reached XP level 2. HP: 22/24 MP: 2/2
   764 | D:2      | Found a white marble altar of Elyvilon.
  1032 | D:2      | Reached XP level 3. HP: 20/30 MP: 3/3
  1214 | D:2      | Reached skill level 1 in Dodging
  1502 | D:2      | Reached skill level 4 in Fighting
  1502 | D:2      | Reached XP level 4. HP: 37/37 MP: 4/4
  2374 | D:3      | Noticed UristMcMason's ghost (amateur HuFi)
  2396 | D:4      | Noticed an ogre
  2403 | D:4      | Noticed bullock's ghost (amateur DsWn)
  2403 | D:4      | Killed an ogre
  2403 | D:4      | Reached XP level 5. HP: 5/43 MP: 5/5
  2653 | D:4      | Found a sand-covered staircase.
  2795 | Ossuary  | Entered an ossuary
  3147 | Ossuary  | Reached XP level 6. HP: 20/49 MP: 6/6
  4120 | Ossuary  | Reached skill level 5 in Fighting
  4598 | Ossuary  | Identified a scroll of acquirement
  4620 | D:4      | Noticed a hippogriff
  4656 | D:4      | HP: 2/51 [hippogriff (5)]
  4662 | D:4      | Killed a hippogriff
  4662 | D:4      | Reached skill level 1 in Shields
  4662 | D:4      | Reached XP level 7. HP: 3/56 MP: 7/7
  5022 | D:4      | Noticed Natasha
  5022 | D:4      | Noticed Edmund
  5542 | D:4      | Killed Natasha
  5620 | D:4      | Noticed Natasha
  5640 | D:4      | Killed Natasha
  5746 | D:4      | Noticed Natasha
  5752 | D:4      | Killed Natasha
  6000 | D:4      | Reached skill level 6 in Fighting
  6171 | D:5      | Entered Level 5 of the Dungeon
  6535 | D:5      | Reached XP level 8. HP: 54/64 MP: 8/8
  6856 | D:5      | Found a snail-covered altar of Cheibriados.
  7448 | D:5      | Found a sacrificial altar of Ru.
  7458 | D:5      | Found an opulent altar of Gozag.
  7462 | D:5      | Became a worshipper of Gozag Ym Sagoz the Greedy
  7528 | D:5      | Reached skill level 5 in Armour
  7606 | D:4      | Noticed Menkaure
  7612 | D:4      | Killed Menkaure
  7612 | D:4      | Reached skill level 7 in Fighting
  8224 | D:6      | Noticed Pikel
  8267 | D:6      | Killed Pikel
  8267 | D:6      | Reached XP level 9. HP: 62/72 MP: 9/9
  8518 | D:6      | Noticed Grinder
  8523 | D:6      | Paralysed by Grinder for 3 turns
  8538 | D:6      | Killed Grinder
  8836 | D:6      | Reached skill level 8 in Fighting
  9105 | D:6      | Found a sacrificial altar of Ru.
  9194 | D:7      | Got a heavily runed chain mail
  9202 | D:7      | Reached skill level 5 in Shields
  9238 | D:7      | Identified the cursed +0 chain mail of the Armadillo {+Fly Dex+3} (You found it on level 7 of the Dungeon)
  9892 | D:7      | Found a staircase to the Ecumenical Temple.
  9911 | Temple   | Entered the Ecumenical Temple
 10810 | D:8      | Reached skill level 1 in Evocations
 11217 | D:8      | Reached XP level 10. HP: 82/82 MP: 11/11
 11240 | D:9      | Bought a wand of paralysis (11) for 169 gold pieces
 11273 | D:9      | Reached skill level 9 in Fighting
 11327 | D:9      | Noticed Prince Ribbit
 11335 | D:9      | Killed Prince Ribbit
 11351 | D:9      | Found a flagged portal.
 11365 | Bailey   | Entered a bailey
 12064 | Bailey   | HP: 4/83 [gnoll shaman/halberd (1)]
 12066 | Bailey   | Slain by a gnoll

Vault maps used:
D:1:      mainiacjoe_arrival_reflecting_pool
D:2:      elyvilon_altar_3, patterned_corridor
D:4:      nicolae_ossuary_entry_giza, first_bread, uniq_natasha, uniq_menkaure,
          uniq_edmund
D:5:      amethyst_overflow_temple_binary, kennysheep_little_box
D:6:      minivault_23, nicolae_ru_path_of_blood, uniq_pikel, uniq_grinder
D:7:      temple_green
D:9:      grunt_temple_overflow_order_and_chaos_2,
          nemelex_xobeh_ov_fountains_minmay, nicolae_qazlal_style_of_elements,
          enter_bailey_2, uniq_joseph, uniq_prince_ribbit1
Temple:   dpeg_five_rooms_temple_12
Ossuary:  ossuary_boxes_badplayer
Bailey:   bailey_polearm_gnolls_kennysheep, bailey

Action                   |  1- 3 |  4- 6 |  7- 9 | 10-12 || total
-------------------------+-------+-------+-------+-------++-------
Melee: Falchion          |    95 |    24 |    12 |       ||   131
       Dagger            |       |   256 |   587 |   167 ||  1010
       Trident           |       |       |     3 |       ||     3
Throw: Tomahawk          |       |     3 |    17 |    11 ||    31
       Throwing net      |       |       |       |     2 ||     2
Invok: Call Merchant     |       |       |       |     1 ||     1
Evoke: Wand              |       |    13 |     8 |    11 ||    32
  Use: Scroll            |     5 |     8 |    16 |     3 ||    32
 Stab: Sleeping          |       |       |     1 |       ||     1
       Paralysed         |       |       |       |    12 ||    12
       Distracted        |       |       |       |     2 ||     2
